 Dungeon Crawl Stone Soup version 0.19-a0-1655-gdd95918 (webtiles) character file.

1560 TheGoonsmith the Conjurer (level 8, 0/46 HPs)
             Began as an Octopode Fire Elementalist on Sept 20, 2016.
             Was a Follower of Vehumet.
             Slain by a centaur
             ... wielding a +0 battleaxe
              (14 damage)
             ... on level 6 of the Dungeon.
             The game lasted 00:13:25 (7365 turns).

TheGoonsmith the Conjurer (OpFE)                    Turns: 7365, Time: 00:13:25

Health: 0/46       AC:  1    Str:  7    XL:     8   Next: 89%
Magic:  13/15      EV: 13    Int: 20    God:    Vehumet [*.....]
Gold:   384        SH:  0    Dex: 12    Spells: 4 memorised, 4 levels left

rFire  . . .     SeeInvis .     j - +0 dagger (vamp)
rCold  . . .     Gourm    .     (no shield)
rNeg   . . .     Faith    .     (helmet restricted)
rPois  .         Spirit   .     (no amulet)
rElec  .         Dismiss  .     (no ring)
rCorr  .         Reflect  .     (no ring)
MR     .....     Harm     .     (no ring)
Stlth  +++.......               (no ring)
                                (no ring)
                                (no ring)
                                (no ring)
                                (no ring)

@: no status effects
A: almost no armour, stealthy swim, amphibious, 8 rings, constrict 8, camouflage
1, gelatinous body 1
a: Renounce Religion


You were on level 6 of the Dungeon.
You worshipped Vehumet.
Vehumet was aware of your devotion.
You were not hungry.

You visited 1 branch of the dungeon, and saw 6 of its levels.
You also visited: Ossuary.

You collected 384 gold pieces.

Inventory:

Hand Weapons
 f - a +0 dagger
 j - a +0 vampiric dagger (weapon)
Jewellery
 y - a +4 ring of dexterity {unknown}
Wands
 x - a wand of iceblast (0/15)
 z - a wand of flame (13/48)
 B - a wand of flame (23/48)
Scrolls
 e - 2 scrolls of remove curse
 l - a scroll of fear
 m - a scroll of recharging
 p - 2 scrolls of enchant armour
 r - a scroll of identify
 w - 3 scrolls of magic mapping {unknown}
 A - a scroll of blinking {unknown}
Potions
 d - 2 potions of agility
 k - a potion of heal wounds
 n - a potion of curing {unknown}
 o - a potion of berserk rage
 q - a potion of cure mutation
 s - a potion of resistance {unknown}
 t - 2 potions of lignification {unknown}
 u - 3 potions of ambrosia {unknown}
 v - a potion of might {unknown}
Books
 a - a book of Flames

   Spells                             Type                      Level
   a - Flame Tongue                   Conjuration/Fire             1
   b - Throw Flame                    Conjuration/Fire             2
   c - Conjure Flame                  Conjuration/Fire             3
   d - Inner Flame                    Hexes/Fire                   3
   e - Sticky Flame                   Conjuration/Fire             4
   f - Fireball                       Conjuration/Fire             5
 c - a Necronomicon

   Spells                             Type                      Level
   a - Haunt                          Necromancy/Summoning         7
   b - Borgnjor's Revivification      Necromancy                   8
   c - Death's Door                   Charms/Necromancy            8
   d - Infestation                    Necromancy                   8
   e - Necromutation                  Transmutation/Necromancy     8
Comestibles
 b - 6 bread rations
 g - 2 slices of pizza
 h - 6 fruits
 i - 2 beef jerkies
 C - a meat ration


   Skills:
 - Level 2.0 Dodging
 - Level 2.6 Stealth
 + Level 5.0 Spellcasting
 * Level 7.5 Conjurations
 * Level 6.6 Fire Magic


You had 4 spell levels left.
You knew the following spells:

 Your Spells              Type           Power        Failure   Level  Hunger
a - Flame Tongue          Conj/Fire      ####.        1%          1    None
c - Conjure Flame         Conj/Fire      ####....     1%          3    ##.....
f - Fireball              Conj/Fire      ####......   21%         5    #####..
s - Sticky Flame          Conj/Fire      ####....     10%         4    ####...


Dungeon Overview and Level Annotations

Branches:
Dungeon (6/15)             Temple (0/1) D:4

Altars:
Nemelex Xobeh
Ru
Vehumet
Zin

Annotations:
D:6 Dowan, Duvessa


Innate Abilities, Weirdness & Mutations

You cannot wear most types of armour.
You are very stealthy in the water.
You are amphibious.
You can wear up to eight rings at the same time.
You can use your tentacles to constrict eight enemies at once.
Your skin changes colour to match your surroundings (Stealth+).
Your rubbery body absorbs attacks. (AC +1, EV +1)


Message History

Aim: a centaur, wielding a battleaxe (hasn't noticed you)
The flame tongue misses the centaur.
The centaur shouts!
The centaur unwields an uncursed battleaxe.
The centaur wields a shortbow.
The centaur shoots an arrow.
The arrow hits you!
Casting: Flame Tongue
Confirm with . or Enter, or press ? or * to list all spells.
Aiming: Flame Tongue
Press: ? - help, Shift-Dir - straight line, f/p - centaur
Aim: a centaur, wielding a shortbow The flame tongue hits the centaur.
The centaur is heavily wounded.
The centaur shoots an arrow.
The arrow hits you!
The centaur shoots an arrow.
The arrow hits you.
The centaur shoots an arrow.
The arrow hits you!
You see here an arrow.
The centaur unwields an uncursed shortbow.
The centaur wields an uncursed battleaxe.
The centaur hits you with an uncursed battleaxe!
You die...

#### ##
...######.###### ####
##..#..........#
#...##. ......# #.....#
....... ###..## #.....#
....... ##.## #...<.#
....... # #..#####....#
....... ..
##.........(##.......
....#..........(@c....#
...............######.#
#...#......#.#..#
#...#.............# #..
#....(.##......# ...
#........###..... ..
#.###.##.. ..##. #.
...# #.###.. ... ...
..# ## ...


You could see a centaur.

Vanquished Creatures
  3 sky beasts
  2 phantoms (D:6)
  An ogre (D:5)
  Blork the orc (D:4)
  2 bullfrogs (D:6)
  A water moccasin zombie (Ossuary)
  2 bullfrog zombies
  A crimson imp (D:6)
  A centaur zombie (D:6)
  2 hounds (D:4)
  4 orc priests (D:4)
  4 orc wizards
  An iguana (D:5)
  A big kobold zombie (Ossuary)
  A hound zombie (D:5)
  2 hound skeletons (D:4)
  2 mummies (Ossuary)
  6 adders
  A shadow imp (D:5)
  An ooze (D:3)
  4 adder zombies (Ossuary)
  3 worms
  A dart slug (D:1)
  5 leopard geckos
  20 orcs
  A ball python (D:1)
  3 giant cockroaches
  A gnoll zombie (Ossuary)
  6 goblins
  10 hobgoblins
  9 jackals
  7 kobolds
  6 quokkas
  6 bats
  5 frilled lizards
  7 hobgoblin zombies (Ossuary)
  5 kobold zombies (Ossuary)
  A leopard gecko skeleton (D:4)
  5 orc zombies (Ossuary)
  10 rats
154 creatures vanquished.

Vanquished Creatures (others)
  Terence (D:4)
  An orc wizard (D:6)
2 creatures vanquished.

Grand Total: 156 creatures vanquished

Notes
Turn   | Place    | Note
-------+----------+-------------------------------------------
     0 | D:1      | TheGoonsmith the Octopode Fire Elementalist began the quest for the Orb.
     0 | D:1      | Reached XP level 1. HP: 11/11 MP: 3/3
   312 | D:1      | Reached XP level 2. HP: 17/17 MP: 1/5
   514 | D:1      | Reached skill level 2 in Conjurations
   750 | D:1      | Reached XP level 3. HP: 21/21 MP: 3/6
  1401 | D:2      | Noticed Terence
  1629 | D:2      | Reached XP level 4. HP: 14/27 MP: 0/7
  2085 | D:2      | Reached skill level 3 in Conjurations
  2917 | D:3      | Reached XP level 5. HP: 31/31 MP: 5/9
  3145 | D:4      | Killed Terence
  3594 | D:4      | Reached skill level 4 in Conjurations
  3744 | D:4      | Found a sparkling altar of Nemelex Xobeh.
  3876 | D:4      | Noticed Blork the orc
  3941 | D:4      | Learned a level 4 spell: Sticky Flame
  3945 | D:4      | Learned a level 3 spell: Conjure Flame
  4114 | D:4      | Killed Blork the orc
  4114 | D:4      | Reached XP level 6. HP: 22/36 MP: 5/10
  4478 | D:4      | Reached skill level 5 in Conjurations
  4685 | D:4      | Reached XP level 7. HP: 34/41 MP: 8/12
  4911 | D:4      | Found a sacrificial altar of Ru.
  4939 | D:4      | Found a radiant altar of Vehumet.
  4950 | D:4      | Became a worshipper of Vehumet
  5058 | D:4      | Found a staircase to the Ecumenical Temple.
  5076 | D:5      | Entered Level 5 of the Dungeon
  5222 | D:5      | Found a sand-covered staircase.
  5306 | Ossuary  | Entered an ossuary
  5991 | Ossuary  | Reached * piety under Vehumet
  5991 | Ossuary  | Offered knowledge of Sting by Vehumet.
  6320 | D:5      | Reached skill level 6 in Conjurations
  6345 | D:5      | Reached skill level 5 in Fire Magic
  6587 | D:5      | Reached XP level 8. HP: 46/46 MP: 10/14
  6614 | D:5      | Found a glowing silver altar of Zin.
  6828 | D:6      | Noticed Dowan
  6829 | D:6      | Noticed Duvessa
  7092 | D:6      | Reached skill level 7 in Conjurations
  7284 | D:6      | Learned a level 5 spell: Fireball
  7341 | D:6      | Reached skill level 5 in Spellcasting
  7365 | D:6      | Slain by a centaur

Vault maps used:
D:1:      wheals_arrival_linesprint, minmay_cut_off
D:2:      uniq_terence
D:3:      first_bread, minmay_statues_item
D:4:      kennysheep_six_static_rooms, nicolae_ru_the_path_less_chosen,
          nemelex_altar_shiori, marbit_many_paths, minmay_misc_feat_cross,
          uniq_blork_the_orc
D:5:      nicolae_overflow_hidden_temple, nicolae_ossuary_entry_false_entrances
D:6:      uniq_duvessa
Ossuary:  ossuary_tomb_2

Skill      XL: |  1  2  3  4  5  6  7  8 |
---------------+-------------------------+-----
Conjurations   | 2 3 4 5 6 7 |  7.5
Spellcasting   | 3 4 5 |  5.0
Fire Magic     | 4 5 6 |  6.6
Dodging        | |  2.0
Stealth        | |  2.6

Action                   |  1- 3 |  4- 6 |  7- 9 || total
-------------------------+-------+-------+-------++-------
Melee: Unarmed           |     8 |       |       ||     8
       Constrict         |     5 |     8 |    17 ||    30
       Tentacles         |     4 |     4 |     4 ||    12
       Dagger            |     6 |    31 |    39 ||    76
 Cast: Flame Tongue      |    64 |   134 |   119 ||   317
       Conjure Flame     |       |     2 |    12 ||    14
       Sticky Flame      |       |       |     2 ||     2
Evoke: Wand              |       |       |     3 ||     3
  Use: Scroll            |       |     8 |     4 ||    12
       Potion            |       |     1 |       ||     1
  Eat: Chunk             |     3 |    10 |     4 ||    17
       Bread ration      |       |     1 |       ||     1
       Meat ration       |       |       |     1 ||     1
Armor: Skin              |       |     3 |     6 ||     9
Dodge: Dodged            |    18 |    34 |    35 ||    87
